[Event "Titled Tuesday Blitz April 25 Late 2023"]
[White "Kohler, Aran"]
[Black "Broca Jimenez, Fernando"]
[WhiteFideId "1002856"]
[BlackFideId "5104742"]
[WhiteElo "2010"]
[BlackElo "2062"]
[Result "0-1"]
[Round "10"]
[TimeControl "180+2"]
[Date "2023.04.25"]
[WhiteClock "0:00:21"]
[BlackClock "0:00:16"]

1. Nh3 c5 2. f3 g6 3. Nf2 Bg7 4. g3 d5 5. Bg2 e5 6. e3 Nc6 7. d3 f5 8. c3 Nf6 9. Qe2 O-O 10. Nd2 d4 11. cxd4 exd4 12. e4 fxe4 13. dxe4 a5 14. O-O b6 15. b3 Ba6 16. Nc4 b5 17. e5 bxc4 18. exf6 Qxf6 19. bxc4 Qf7 20. f4 Bxc4 21. Nd3 Nb4 22. Bxa8 Bxd3 23. Qf3 Bxf1 24. Kxf1 Qc4+ 25. Kg2 d3 26. a3 Bxa1 27. axb4 Qxb4 28. Bd5+ Kg7 29. Qe3 c4 30. Bd2 Qd6 31. Qa7+ Kh8 32. Bxc4 Bg7 33. Qxa5 Qd4 34. Bd5 Rd8 35. Bf3 Re8 36. Qb5 Qd8 37. h4 Qe7 38. Kh3 Rd8 39. f5 gxf5 40. Qxf5 Qd7 41. Bg4 Qxf5 42. Bxf5 Re8 43. h5 Re2 44. Bf4 d2 45. Bg4 d1=Q 46. h6 Rh2+ 47. Kxh2 Qxg4 48. hxg7+ Kxg7 49. Be5+ Kg6 0-1


[Site "https://www.chess.com"]

[Event "Titled Tuesday Blitz April 25 Late 2023"]
[White "Bulgurlu, Okan"]
[Black "Oliveira, Tiago Batista"]
[WhiteFideId "6352316"]
[BlackFideId "2108291"]
[WhiteElo "1908"]
[BlackElo "1962"]
[Result "1-0"]
[Round "10"]
[TimeControl "180+2"]
[Date "2023.04.25"]
[WhiteClock "0:00:27"]
[BlackClock "0:00:01"]

1. e4 c5 2. Nf3 Nc6 3. b3 Nf6 4. Qe2 e6 5. Bb2 d5 6. exd5 Nxd5 7. Nc3 Nf6 8. O-O-O Be7 9. g4 O-O 10. h4 Qa5 11. Kb1 Rb8 12. Bh3 b5 13. g5 Nd5 14. Ne5 Ncb4 15. a3 Nf4 16. axb4 cxb4 17. Qe4 Nxh3 18. Nc6 Bb7 19. Nxa5 Bxe4 20. Nxe4 Nf4 21. Nc6 Rb7 22. Nxe7+ Rxe7 23. Be5 Nd5 24. Bd6 Ree8 25. Bxf8 Kxf8 26. Rh3 a5 27. Nd6 Rb8 28. h5 Ke7 29. Ne4 Nf4 30. Rf3 Nxh5 31. Rh1 g6 32. Nf6 Ng7 33. Rxh7 Nf5 34. Rfh3 a4 35. Rh8 Rb7 36. Rd3 1-0


[Site "https://www.chess.com"]

[Event "Titled Tuesday Blitz April 25 Late 2023"]
[White "Quirke, Jeffrey"]
[Black "Toma, Katarzyna"]
[WhiteFideId "2013029"]
[BlackFideId "1119907"]
[WhiteElo "2007"]
[BlackElo "2149"]
[Result "0-1"]
[Round "10"]
[TimeControl "180+2"]
[Date "2023.04.25"]
[WhiteClock "0:00:49"]
[BlackClock "0:00:12"]

1. e4 e5 2. Nf3 d6 3. d4 Nc6 4. dxe5 dxe5 5. Qxd8+ Kxd8 6. Nc3 f6 7. Be3 Bb4 8. O-O-O+ Bd7 9. Nd5 Bd6 10. h4 Nge7 11. c4 Nxd5 12. cxd5 Ne7 13. h5 a5 14. Nh4 b6 15. Be2 Kc8 16. g4 Kb7 17. Nf5 g6 18. Nxd6+ cxd6 19. h6 g5 20. Kb1 Rac8 21. f3 Rhg8 22. Rc1 Rxc1+ 23. Rxc1 Rg6 24. Rc3 Rxh6 25. Rb3 Rh1+ 26. Kc2 Ba4 27. Kd2 Bxb3 28. axb3 h5 29. gxh5 Rxh5 30. Bb5 Rh2+ 31. Be2 Ng6 32. Ke1 Nh4 33. Bg1 Rh1 34. Kf2 Ng6 35. Kg2 Rh8 36. Kf2 Nf4 37. Bb5 Rc8 38. Bc6+ Kc7 39. Ke3 Rh8 40. Bf2 Rh1 41. Bg3 Rb1 42. Bxf4 gxf4+ 43. Kd3 Rxb2 44. Kc3 Rf2 0-1


[Site "https://www.chess.com"]

[Event "Titled Tuesday Blitz April 25 Late 2023"]
[White "Sanchez, Robert"]
[Black "Srdanovic, Jovana"]
[WhiteFideId "2034360"]
[BlackFideId "954810"]
[WhiteElo "1966"]
[BlackElo "2145"]
[Result "0-1"]
[Round "10"]
[TimeControl "180+2"]
[Date "2023.04.25"]
[WhiteClock "0:01:57"]
[BlackClock "0:00:15"]

1. e4 c6 2. d4 d5 3. e5 Na6 4. Nf3 Nc7 5. Bg5 Ne6 6. Bh4 Qb6 7. b3 g6 8. Be2 Nh6 9. O-O Nf5 10. c4 Nfxd4 11. cxd5 cxd5 12. Nc3 Nxe2+ 13. Qxe2 d4 14. Nd5 Qd8 15. Nf6+ exf6 16. Bxf6 Qd5 17. Bxh8 Bd7 18. Rac1 Bh6 19. Rcd1 Bc6 20. Bf6 Nf4 21. Qc4 Qd7 22. Qxd4 Qg4 0-1


[Site "https://www.chess.com"]

[Event "Titled Tuesday Blitz April 25 Late 2023"]
[White "Martinez Alcantara, Jose Eduardo"]
[Black "Sarana, Alexey"]
[WhiteFideId "3805662"]
[BlackFideId "24133795"]
[WhiteElo "2711"]
[BlackElo "2714"]
[Result "0-1"]
[Round "11"]
[TimeControl "180+2"]
[Date "2023.04.25"]
[WhiteClock "0:00:04"]
[BlackClock "0:00:09"]

1. e4 c5 2. Nf3 d6 3. c3 Nf6 4. h3 g6 5. Bd3 Bg7 6. Bc2 O-O 7. O-O Nc6 8. d4 cxd4 9. cxd4 e5 10. d5 Nb4 11. Nc3 Nxc2 12. Qxc2 Ne8 13. Bg5 f6 14. Bd2 f5 15. Ng5 Qe7 16. Qb3 Nc7 17. a4 h6 18. Nf3 g5 19. exf5 Bxf5 20. Nh2 Na6 21. Be3 b6 22. Qd1 Nc5 23. a5 Nd3 24. axb6 axb6 25. Rxa8 Rxa8 26. Qb3 e4 27. Qxb6 Qd8 28. Qxd8+ Rxd8 29. Nb5 Nxb2 30. Rc1 Nd3 31. Rc6 Be5 32. Ng4 Bxg4 33. hxg4 Ra8 34. g3 Ra1+ 35. Kg2 Nb4 36. Rc4 Nxd5 37. Rxe4 Ra5 38. Nxd6 Bxd6 39. Re6 Nxe3+ 40. fxe3 Bf8 41. Kf3 Kf7 42. Rb6 Re5 43. Rb7+ Re7 44. Rb6 Re6 45. Rb7+ Kf6 46. Rb5 Bd6 47. Rf5+ Kg6 48. Ra5 Bc7 49. Ra3 Bb6 50. Rb3 Kf6 51. Rc3 Ke7 52. Rb3 Kd7 53. Rc3 Kd6 54. Rd3+ Kc6 55. Rb3 Bc5 56. Rd3 Kb5 57. e4 Kc4 58. Rd5 Rf6+ 59. Rf5 Bd4 60. e5 Bxe5 61. Ke4 Bc3 62. Rd5 Re6+ 63. Kf5 Re3 64. Rd6 Rxg3 65. Rxh6 Bd2 66. Rc6+ Kb3 67. Rd6 Rf3+ 68. Ke4 Rf2 69. Rd3+ Kc2 70. Rd7 Rf4+ 71. Ke5 Rxg4 72. Kf5 Ra4 73. Rc7+ Kd3 74. Rd7+ Ke2 75. Ra7 Rxa7 0-1


[Site "https://www.chess.com"]

[Event "Titled Tuesday Blitz April 25 Late 2023"]
[White "Naroditsky, Daniel"]
[Black "Nihal Sarin"]
[WhiteFideId "2026961"]
[BlackFideId "25092340"]
[WhiteElo "2633"]
[BlackElo "2689"]
[Result "0-1"]
[Round "11"]
[TimeControl "180+2"]
[Date "2023.04.25"]
[WhiteClock "0:00:03"]
[BlackClock "0:00:04"]

1. d4 e6 2. Bf4 Nf6 3. Nc3 Bb4 4. e3 Bxc3+ 5. bxc3 b6 6. c4 Bb7 7. Nf3 d6 8. Bd3 Nbd7 9. O-O Qe7 10. Bg3 Ne4 11. Nd2 Nxg3 12. fxg3 O-O 13. Be4 Bxe4 14. Nxe4 f5 15. Nc3 Nf6 16. Qd3 c5 17. d5 g6 18. e4 fxe4 19. Nxe4 Nxe4 20. Qxe4 e5 21. h4 Kg7 22. Rf3 Rxf3 23. gxf3 Qf6 24. a4 Rb8 25. Kg2 Rb7 26. Ra3 Qf5 27. Rb3 Qd7 28. Ra3 Qe7 29. Rb3 Qd7 30. Ra3 Rb8 31. Ra1 Rf8 32. Ra3 Qb7 33. Re3 Rf7 34. Qd3 Qd7 35. Qc3 Kg8 36. a5 b5 37. Qb3 b4 38. c3 bxc3 39. Rxc3 Qf5 40. Qb8+ Kg7 41. Qxd6 e4 42. Qf4 Qxf4 43. gxf4 Rxf4 44. fxe4 Rxe4 45. Rb3 Rxc4 46. Rb7+ Kf6 47. Rxh7 Ke5 48. Rxa7 Kxd5 49. Rg7 Rxh4 50. Rxg6 Ra4 51. a6 c4 52. Kf2 Kd4 53. Ke2 Kc3 54. Rb6 Ra2+ 55. Ke3 Kc2 56. Kd4 c3 57. Rc6 Ra4+ 58. Ke3 Kb2 59. Kd3 Ra3 60. Rb6+ Kc1 61. Rc6 c2+ 62. Ke2 Ra2 63. Ke3 Kd1 64. Rd6+ Ke1 65. Rc6 Ra3+ 66. Kd4 Kd2 0-1


[Site "https://www.chess.com"]

[Event "Titled Tuesday Blitz April 25 Late 2023"]
[White "Duda, Jan-Krzysztof"]
[Black "Kuzubov, Yuriy"]
[WhiteFideId "1170546"]
[BlackFideId "14112906"]
[WhiteElo "2790"]
[BlackElo "2496"]
[Result "0-1"]
[Round "11"]
[TimeControl "180+2"]
[Date "2023.04.25"]
[WhiteClock "0:00:04"]
[BlackClock "0:00:29"]

1. e4 c5 2. Nf3 Nc6 3. Bb5 d6 4. O-O Bd7 5. Re1 Nf6 6. c3 a6 7. Bf1 Bg4 8. h3 Bxf3 9. Qxf3 e6 10. Qd1 d5 11. e5 Nd7 12. d4 cxd4 13. cxd4 Qb6 14. Be3 Qxb2 15. Nd2 Bb4 16. Rb1 Qa3 17. Re2 O-O 18. Nf3 Rfc8 19. h4 b5 20. h5 Be7 21. h6 g6 22. Rb3 Qa4 23. Qe1 Na5 24. Rb1 Nc4 25. Bc1 Rc7 26. g3 Rac8 27. Bf4 Na3 28. Rb3 Nc2 29. Qb1 Nxd4 30. Nxd4 Qxd4 31. Bh3 Nc5 32. Rf3 Ne4 33. Qf1 Bg5 34. Kh2 Bxf4 35. Rxf4 Rc1 36. Qg2 R1c2 37. Bxe6 fxe6 38. Qh3 Qb6 39. Qg4 Rxe2 40. Qxe2 Rf8 41. Rxf8+ Kxf8 42. Qf3+ Ke8 43. Kg2 Qxf2+ 44. Qxf2 Nxf2 45. Kxf2 Kd7 46. Ke3 b4 47. Kd4 Kc6 0-1


[Site "https://www.chess.com"]

[Event "Titled Tuesday Blitz April 25 Late 2023"]
[White "Grigoriants, Sergey"]
[Black "Bluebaum, Matthias"]
[WhiteFideId "4130804"]
[BlackFideId "24651516"]
[WhiteElo "2502"]
[BlackElo "2638"]
[Result "1-0"]
[Round "11"]
[TimeControl "180+2"]
[Date "2023.04.25"]
[WhiteClock "0:00:08"]
[BlackClock "0:00:07"]

1. c4 e6 2. d4 d5 3. Nc3 Bb4 4. e3 Nf6 5. Bd3 O-O 6. Ne2 dxc4 7. Bxc4 Be7 8. O-O c5 9. dxc5 Bxc5 10. Ng3 Qc7 11. b3 a6 12. Bb2 b5 13. Bd3 Bb7 14. Nce4 Nxe4 15. Nxe4 f5 16. Nxc5 Qxc5 17. Qe2 Nd7 18. Rac1 Qd5 19. f3 Rac8 20. Rfd1 Rxc1 21. Rxc1 Rc8 22. Rxc8+ Bxc8 23. Qc2 Bb7 24. Qc3 Nf6 25. Kf2 Qd6 26. g3 Qd5 27. Be2 h5 28. a4 bxa4 29. bxa4 Bc6 30. a5 Kh7 31. Qe5 Qb3 32. Bd4 Qa2 33. Kf1 Bd5 34. Qc7 Qb1+ 35. Kf2 Qh1 36. Bxf6 Qxh2+ 37. Ke1 Qg1+ 38. Kd2 Qxg3 39. Qxg3 gxf6 40. f4 e5 41. Bxh5 Bf7 42. Bxf7 Kh6 43. Qg6# 1-0


[Site "https://www.chess.com"]

[Event "Titled Tuesday Blitz April 25 Late 2023"]
[White "Bortnyk, Olexandr"]
[Black "Kamsky, Gata"]
[WhiteFideId "14120828"]
[BlackFideId "2000024"]
[WhiteElo "2734"]
[BlackElo "2660"]
[Result "1-0"]
[Round "11"]
[TimeControl "180+2"]
[Date "2023.04.25"]
[WhiteClock "0:00:54"]
[BlackClock "0:00:12"]

1. d4 g6 2. Nc3 Bg7 3. e4 d6 4. Be3 Nd7 5. Qd2 a6 6. a4 a5 7. h4 h5 8. Nh3 Ngf6 9. f3 e5 10. Bc4 Nb6 11. Ba2 Bxh3 12. Rxh3 Nbd7 13. O-O-O Qe7 14. dxe5 Nxe5 15. Bg5 Qd7 16. f4 Neg4 17. e5 dxe5 18. Rd3 Qc8 19. fxe5 Nxe5 20. Qe2 Ng4 21. Rd8+ Qxd8 22. Bxd8 Rxd8 23. Qb5+ c6 24. Rxd8+ Kxd8 25. Qxb7 Re8 26. Bxf7 Re7 27. Qa8+ Kd7 28. Qa7+ Kd6 29. Ne4# 1-0


[Site "https://www.chess.com"]

[Event "Titled Tuesday Blitz April 25 Late 2023"]
[White "Sviridov, Valery"]
[Black "Makarian, Rudik"]
[WhiteFideId "4120680"]
[BlackFideId "44105681"]
[WhiteElo "2457"]
[BlackElo "2430"]
[Result "1-0"]
[Round "11"]
[TimeControl "180+2"]
[Date "2023.04.25"]
[WhiteClock "0:00:04"]
[BlackClock "0:00:02"]

1. d4 Nf6 2. Nf3 c5 3. c4 g6 4. g3 Bg7 5. Bg2 cxd4 6. Nxd4 Nc6 7. Nc3 h5 8. h3 Nxd4 9. Qxd4 d6 10. Qd2 O-O 11. b3 a6 12. Bb2 Rb8 13. Rd1 Bd7 14. O-O b5 15. cxb5 axb5 16. e4 b4 17. Ne2 Qa5 18. a4 Rfc8 19. Rc1 Qa6 20. Rfe1 Bc6 21. Nd4 Ba8 22. Rxc8+ Qxc8 23. Rc1 Qd7 24. Qe1 h4 25. g4 Bh6 26. Rd1 Bf4 27. Ne2 Bh6 28. Nd4 Qc7 29. Qe2 Bf4 30. Qd3 Qc5 31. Ne2 Be5 32. Bc1 Rc8 33. Bd2 Qc2 34. Bxb4 Bxe4 35. Bxe4 Nxe4 36. Qxc2 Rxc2 37. Re1 Ng5 38. Kg2 Ne6 39. Kf3 Rb2 40. Nc1 Nd4+ 41. Ke4 Nxb3 42. Nxb3 Rxb3 43. Bd2 e6 44. f4 Bg7 45. Re3 d5+ 46. Kf3 Rb2 47. Bc1 Ra2 48. Ra3 Rc2 49. Be3 d4 50. Bf2 Rc3+ 51. Rxc3 dxc3 52. Ke2 Kf8 53. a5 1-0


[Site "https://www.chess.com"]

[Event "Titled Tuesday Blitz April 25 Late 2023"]
[White "Tari, Aryan"]
[Black "Lazavik, Denis"]
[WhiteFideId "1510045"]
[BlackFideId "13515110"]
[WhiteElo "2561"]
[BlackElo "2560"]
[Result "1-0"]
[Round "11"]
[TimeControl "180+2"]
[Date "2023.04.25"]
[WhiteClock "0:00:06"]
[BlackClock "0:00:03"]

1. e4 c5 2. Nc3 e6 3. d4 cxd4 4. Qxd4 Nc6 5. Qd3 a6 6. Nf3 d6 7. Bf4 e5 8. Bg5 Qa5 9. a3 Be6 10. O-O-O Rc8 11. Nd5 h6 12. Bd2 Qd8 13. Be3 Bxd5 14. exd5 Na5 15. Nd2 b5 16. Kb1 Nf6 17. Be2 Be7 18. g4 Nd7 19. Ne4 Nc4 20. Bc1 Nc5 21. Nxc5 Rxc5 22. h4 Bxh4 23. b3 Nb6 24. Be3 Rxd5 25. Qe4 Rxd1+ 26. Rxd1 O-O 27. Qc6 Nc8 28. Qxa6 Bg5 29. Bxb5 Bxe3 30. fxe3 Qc7 31. Qc6 Qa7 32. a4 Qxe3 33. Bc4 Nb6 34. Rxd6 Nxc4 35. Qxc4 e4 36. Ka2 Qf4 37. Rd7 Re8 38. a5 Qf6 39. Rd4 e3 40. Re4 Ra8 41. Qd5 Rc8 42. Qd3 Qf2 43. Rxe3 Rxc2+ 44. Ka3 Rc8 45. Qf5 Qxe3 46. Qxc8+ Kh7 47. Qf5+ Kg8 48. a6 Qc1+ 49. Kb4 Qd2+ 50. Kb5 Qe2+ 51. Kb6 Qe3+ 52. Kb7 Qxb3+ 53. Kc7 Qc4+ 54. Kb6 Qd4+ 55. Qc5 Qd8+ 56. Kb7 Qd7+ 57. Kb8 Qd3 58. Qc8+ Kh7 59. Qf5+ Qxf5 60. gxf5 1-0


[Site "https://www.chess.com"]

[Event "Titled Tuesday Blitz April 25 Late 2023"]
[White "Esipenko, Andrey"]
[Black "Andreikin, Dmitry"]
[WhiteFideId "24175439"]
[BlackFideId "4158814"]
[WhiteElo "2615"]
[BlackElo "2736"]
[Result "0-1"]
[Round "11"]
[TimeControl "180+2"]
[Date "2023.04.25"]
[WhiteClock "0:00:01"]
[BlackClock "0:00:05"]

1. e4 c5 2. Nf3 Nc6 3. Bb5 Nf6 4. Nc3 e5 5. d3 d6 6. O-O Be7 7. a4 O-O 8. h3 Nd4 9. Bc4 Be6 10. Re1 Qd7 11. Bg5 Ne8 12. Be3 Nc7 13. Nd5 Nxd5 14. exd5 Bf5 15. c3 Nxf3+ 16. Qxf3 Bg6 17. b4 cxb4 18. cxb4 f5 19. Bb5 Qd8 20. Rac1 a6 21. Bc4 Bg5 22. b5 Bxe3 23. fxe3 a5 24. Bb3 Qb6 25. Kh2 Rac8 26. Bc4 f4 27. e4 h5 28. Rc2 Kh7 29. Qf2 Qxf2 30. Rxf2 b6 31. h4 Kh6 32. Ree2 Rf6 33. g3 Rcf8 34. Bb3 Be8 35. Bd1 Bd7 36. Rc2 fxg3+ 37. Kxg3 Rxf2 38. Rxf2 Rxf2 39. Kxf2 g5 40. Kg3 Kg6 41. Be2 Be8 42. Bd1 Kf6 43. Be2 Bf7 44. Bd1 Bg6 45. Be2 Be8 46. Bd1 Kg6 47. Be2 Bxb5 48. axb5 a4 49. Bd1 a3 50. Bb3 Kf6 51. Bc4 Kg6 52. Ba2 Kf6 53. Bb1 Kg6 54. d4 gxh4+ 55. Kxh4 exd4 56. e5+ Kf7 57. exd6 d3 58. Kxh5 d2 59. Bc2 a2 0-1


[Site "https://www.chess.com"]

[Event "Titled Tuesday Blitz April 25 Late 2023"]
[White "Terry, Renato"]
[Black "Kollars, Dmitrij"]
[WhiteFideId "3803457"]
[BlackFideId "12909572"]
[WhiteElo "2575"]
[BlackElo "2584"]
[Result "1-0"]
[Round "11"]
[TimeControl "180+2"]
[Date "2023.04.25"]
[WhiteClock "0:01:38"]
[BlackClock "0:00:11"]

1. d4 Nf6 2. Nf3 d5 3. c4 e6 4. e3 b6 5. b3 Bb7 6. Bd3 Bd6 7. Bb2 O-O 8. Nbd2 Nbd7 9. O-O Ne4 10. a3 c5 11. Qe2 Qe7 12. Rfd1 Rfd8 13. Ne5 cxd4 14. exd4 Nxd2 15. Rxd2 dxc4 16. bxc4 Bxe5 17. dxe5 Nc5 18. Rad1 Qg5 19. f3 g6 20. Bc2 Rxd2 21. Qxd2 Qxd2 22. Rxd2 Ba6 23. Rd4 Rc8 24. Bc3 Kf8 25. Bd2 Ke8 26. Bg5 h5 27. g4 Bb7 28. Kf2 Nd7 29. gxh5 gxh5 30. f4 Rc5 31. Ba4 Bc6 32. Bd1 Ra5 33. Rd6 Be4 34. Bxh5 Rxa3 35. Rxe6+ Kf8 36. Re7 Nc5 37. Rxf7+ Kg8 38. Rc7 Rh3 39. Bf7+ Kf8 40. e6 Rxh2+ 41. Kg3 Rg2+ 42. Kh3 Rxg5 43. fxg5 Bf5+ 44. Kh4 Nxe6 45. Bxe6 Bxe6 46. g6 a5 47. Kg5 a4 48. Kf6 1-0


[Site "https://www.chess.com"]

[Event "Titled Tuesday Blitz April 25 Late 2023"]
[White "Caruana, Fabiano"]
[Black "Harshavardhan G B"]
[WhiteFideId "2020009"]
[BlackFideId "25059009"]
[WhiteElo "2837"]
[BlackElo "2323"]
[Result "1-0"]
[Round "11"]
[TimeControl "180+2"]
[Date "2023.04.25"]
[WhiteClock "0:00:08"]
[BlackClock "0:00:01"]

1. b4 d5 2. Bb2 Nf6 3. h3 g6 4. g4 Bg7 5. e3 O-O 6. Bg2 c6 7. f4 Nbd7 8. Nf3 Ne4 9. Bxg7 Kxg7 10. d3 Nd6 11. Qd2 f6 12. Nd4 Nb6 13. O-O e5 14. Nb3 Qe7 15. a4 Be6 16. Nc5 Nd7 17. Nc3 Bg8 18. f5 gxf5 19. gxf5 Nxc5 20. bxc5 Nf7 21. d4 e4 22. a5 a6 23. Ne2 Kh8 24. Rf4 Nh6 25. Raf1 Qg7 26. Kh2 Bf7 27. Qe1 Rg8 28. Qf2 Qf8 29. c4 Rg5 30. cxd5 cxd5 31. Rb1 Qc8 32. Rb6 Ng8 33. h4 Rg7 34. Bh3 Qd7 35. Nc3 Qc7 36. Qb2 Rd8 37. Rxb7 Qxa5 38. Rb6 Bh5 39. Rf1 Ne7 40. Ra1 Qxa1 41. Qxa1 Rdg8 42. Rxf6 Bf3 43. Qf1 a5 44. c6 Rb8 45. Qf2 Rc8 46. Re6 a4 47. f6 Rf7 48. fxe7 Re8 49. Nxd5 a3 50. c7 a2 51. Qxa2 Rg7 52. Nf6 Reg8 53. Nxg8 Rg2+ 54. Bxg2 Bxg2 55. e8=Q Kg7 56. c8=Q Bh3 57. Re7+ Kh8 58. Qcd8 Be6 59. Qf2 Bf7 60. Qf8 h5 61. d5 Kh7 62. d6 Kg6 63. d7 Be6 64. Q8f4 Bf5 65. Qf8 1-0


[Site "https://www.chess.com"]

[Event "Titled Tuesday Blitz April 25 Late 2023"]
[White "Deac, Bogdan-Daniel"]
[Black "Papasimakopoulos, Alexandros"]
[WhiteFideId "1226380"]
[BlackFideId "4244125"]
[WhiteElo "2649"]
[BlackElo "2359"]
[Result "1-0"]
[Round "11"]
[TimeControl "180+2"]
[Date "2023.04.25"]
[WhiteClock "0:00:03"]
[BlackClock "0:00:13"]

1. b3 d5 2. Bb2 Bg4 3. Nf3 Nd7 4. g3 Bxf3 5. exf3 Ngf6 6. f4 g6 7. Bg2 e6 8. c4 c6 9. O-O Bg7 10. d4 O-O 11. Nd2 Ne8 12. Qc2 Nd6 13. Nf3 Nf5 14. Rad1 Qa5 15. Rfe1 Rfd8 16. a3 Rac8 17. c5 b6 18. b4 Qa6 19. h4 h5 20. Ng5 Qb7 21. Bc3 a5 22. Bh3 axb4 23. axb4 bxc5 24. bxc5 Re8 25. Rb1 Qa6 26. Bf1 Qa7 27. Ra1 Qc7 28. Nf3 Ra8 29. Bd3 Reb8 30. Kg2 Qb7 31. Reb1 Qc7 32. Re1 Qb7 33. Rab1 Qc7 34. Qd2 Ra3 35. Bxf5 gxf5 36. Qc2 Raa8 37. Ng5 Nf6 38. f3 Nd7 39. Rb2 Rxb2 40. Qxb2 Rb8 41. Qa3 Qb7 42. Ra1 Qb3 43. Qxb3 Rxb3 44. Ra8+ Nf8 45. Ba1 Bf6 46. Ra6 Rb1 47. Bc3 Rc1 48. Ba5 Ra1 49. Ra7 Ra2+ 50. Kh3 Bxd4 51. Nxf7 Ng6 52. Ng5 Bg1 53. Ra8+ Kg7 54. Bc3+ d4 55. Rxa2 dxc3 56. Rc2 Bd4 57. Nxe6+ Kf6 58. Nxd4 Ne7 59. Rxc3 Nd5 60. Rc4 Ne3 61. Ra4 Nc2 62. Nxc2 1-0


[Site "https://www.chess.com"]

[Event "Titled Tuesday Blitz April 25 Late 2023"]
[White "Nasuta, Grzegorz"]
[Black "Zhigalko, Sergei"]
[WhiteFideId "1141686"]
[BlackFideId "13502956"]
[WhiteElo "2449"]
[BlackElo "2626"]
[Result "0-1"]
[Round "11"]
[TimeControl "180+2"]
[Date "2023.04.25"]
[WhiteClock "0:00:01"]
[BlackClock "0:00:10"]

1. e4 c5 2. Nf3 Nc6 3. d4 cxd4 4. Nxd4 Nf6 5. Nc3 e5 6. Ndb5 d6 7. Nd5 Nxd5 8. exd5 Nb8 9. a4 Be7 10. Bd2 O-O 11. a5 Nd7 12. Be2 f5 13. O-O a6 14. Na3 f4 15. Nc4 Nf6 16. Nb6 Rb8 17. c4 Bf5 18. b4 Qe8 19. Ra3 Kh8 20. Bc1 Rd8 21. Kh1 Qg6 22. Re1 Ne4 23. Rf1 Bh4 24. g3 Bh3 25. Kg1 fxg3 26. hxg3 Bxf1 27. Bxf1 Nxf2 28. Qd2 Ne4 29. Qg2 Bxg3 30. Be2 Bf2+ 31. Kh2 Bg3+ 32. Kg1 Bf2+ 33. Kh2 Bxb6 34. Qxg6 hxg6 0-1


[Site "https://www.chess.com"]

[Event "Titled Tuesday Blitz April 25 Late 2023"]
[White "Sabuk, Piotr"]
[Black "Durarbayli, Vasif"]
[WhiteFideId "1137565"]
[BlackFideId "13402935"]
[WhiteElo "2298"]
[BlackElo "2551"]
[Result "1-0"]
[Round "11"]
[TimeControl "180+2"]
[Date "2023.04.25"]
[WhiteClock "0:00:05"]
[BlackClock "0:00:01"]

1. d4 Nf6 2. c4 e6 3. Nc3 Bb4 4. e3 O-O 5. Bd3 b6 6. Ne2 Bb7 7. O-O c5 8. d5 exd5 9. cxd5 d6 10. e4 Nbd7 11. a3 Bxc3 12. Nxc3 a6 13. a4 Re8 14. Re1 Qc7 15. b3 Ne5 16. Bf1 c4 17. b4 b5 18. f3 Rec8 19. Ra3 Nfd7 20. Be3 bxa4 21. Nxa4 Rab8 22. Nc3 Nd3 23. Bxd3 cxd3 24. Qxd3 Ne5 25. Qd4 Nc4 26. Rb3 Ba8 27. Bf2 Qe7 28. Ne2 Ne5 29. Ng3 Rc4 30. Qd2 a5 31. b5 a4 32. Rbb1 Qd7 33. Nf5 g6 34. Nd4 a3 35. Nc6 Bxc6 36. bxc6 Qc8 37. Qa5 Ra8 38. Qd2 a2 39. Ra1 Rca4 40. Bd4 f6 41. Rec1 Qc7 42. h4 Kf7 43. Kh1 h5 44. Rc2 Kg7 45. Rcxa2 1-0


[Site "https://www.chess.com"]

[Event "Titled Tuesday Blitz April 25 Late 2023"]
[White "Hansen, Eric"]
[Black "Kucuksari, Kaan"]
[WhiteFideId "2606771"]
[BlackFideId "6380166"]
[WhiteElo "2561"]
[BlackElo "2364"]
[Result "1-0"]
[Round "11"]
[TimeControl "180+2"]
[Date "2023.04.25"]
[WhiteClock "0:00:04"]
[BlackClock "0:00:02"]

1. b3 d5 2. Bb2 Bf5 3. e3 e6 4. g4 Bg6 5. Ne2 Nf6 6. Nf4 Bd6 7. Nc3 Bxf4 8. exf4 O-O 9. d3 d4 10. Ne2 Nd5 11. Nxd4 Nxf4 12. Qf3 e5 13. Ne2 Nxe2 14. Qxe2 Nc6 15. O-O-O a5 16. h4 h6 17. Bg2 a4 18. Bxc6 bxc6 19. Qxe5 f6 20. Qc5 axb3 21. axb3 Ra2 22. Rhe1 Bf7 23. Re7 Qa8 24. Rde1 Ra5 25. Qd4 Rd8 26. Qf4 Ra1+ 27. Bxa1 Qxa1+ 28. Kd2 Qa5+ 29. b4 Qa2 30. Qxc7 Rf8 31. Qxc6 Qb2 32. Qc5 Qa3 33. Rc7 Qa8 34. g5 fxg5 35. hxg5 hxg5 36. Qxg5 Qf3 37. Qe3 Qf6 38. Rg1 Bh5 39. Rc5 Bf7 40. Rcg5 g6 41. Re5 Rc8 42. f4 Qc6 43. c4 Qa4 44. Qd4 Qxb4+ 45. Ke3 Rf8 46. Rh5 Re8+ 47. Re5 Rc8 48. f5 Qb8 49. fxg6 Bxc4 50. Re7 1-0


[Site "https://www.chess.com"]

[Event "Titled Tuesday Blitz April 25 Late 2023"]
[White "Quesada Perez, Yasser"]
[Black "Schnaider, Ilan"]
[WhiteFideId "3509362"]
[BlackFideId "169013"]
[WhiteElo "2496"]
[BlackElo "2224"]
[Result "1-0"]
[Round "11"]
[TimeControl "180+2"]
[Date "2023.04.25"]
[WhiteClock "0:00:52"]
[BlackClock "0:00:03"]

1. e4 c5 2. Nf3 d6 3. c3 Nf6 4. h3 g6 5. Bd3 Bg7 6. Bc2 O-O 7. d4 cxd4 8. cxd4 Nc6 9. Nc3 e5 10. d5 Ne7 11. O-O a6 12. a4 Nd7 13. a5 h6 14. Nd2 f5 15. Nc4 Nf6 16. b3 fxe4 17. Ba3 Nf5 18. Bxe4 Ne8 19. Na4 Ne7 20. Nab6 Rb8 21. Nxc8 Rxc8 22. Qd3 Nf5 23. Rac1 Qg5 24. Nb6 Rd8 25. Rc4 Nf6 26. Bc1 Qh5 27. Bf3 e4 28. Rxe4 Nxe4 29. Bxh5 Nc5 30. Qc4 gxh5 31. b4 Nd7 32. Qc7 Nxb6 33. axb6 Rb8 34. Be3 Be5 35. Rc1 Rbe8 36. Qxb7 Nxe3 37. fxe3 Bg3 38. Qc7 Rxe3 39. b7 Ree8 40. Qc3 Bf2+ 41. Kh1 h4 42. Qc8 Ba7 43. Qg4+ Kh8 44. Qxh4 Bf2 45. Qxh6+ Kg8 46. Qxd6 Re3 47. Qg6+ Kh8 48. Qh6+ Kg8 49. Qxf8+ Kxf8 50. b8=Q+ Re8 51. Qf4+ Kg8 52. Qxf2 Rc8 53. Rxc8+ 1-0


[Site "https://www.chess.com"]

[Event "Titled Tuesday Blitz April 25 Late 2023"]
[White "Rustemov, Alexander"]
[Black "Gonzalez, Francisco Silva"]
[WhiteFideId "4119002"]
[BlackFideId "1512285"]
[WhiteElo "2525"]
[BlackElo "2074"]
[Result "1-0"]
[Round "11"]
[TimeControl "180+2"]
[Date "2023.04.25"]
[WhiteClock "0:01:15"]
[BlackClock "0:00:55"]

1. d4 Nf6 2. c4 e6 3. Nf3 d5 4. Nc3 a6 5. cxd5 exd5 6. Bg5 Be6 7. e3 Bd6 8. Bd3 Nbd7 9. Qc2 c6 10. Bf4 Qb8 11. Bxd6 Qxd6 12. h3 Rc8 13. O-O O-O 14. Rfc1 h6 15. Na4 Rfe8 16. b4 Ne4 17. Nc5 Ndxc5 18. bxc5 Qc7 19. Rab1 Rcd8 20. Rb3 Bc8 21. Rcb1 g5 22. Ne5 f6 23. Bxe4 fxe5 24. Bf5 exd4 25. Bxc8 dxe3 26. Qg6+ Qg7 27. Qxg7+ Kxg7 28. Rxb7+ Kf6 29. Bg4 exf2+ 30. Kxf2 Re4 31. R7b6 Ke5 32. Rxc6 Ra4 33. Rb2 d4 34. Rxh6 d3 35. Rd2 Kd4 36. Rd6+ Rxd6 37. cxd6 Kc3 38. Ke3 Rd4 39. Bf5 g4 40. Rxd3+ Kb2 41. Rxd4 gxh3 42. gxh3 1-0


[Site "https://www.chess.com"]

[Event "Titled Tuesday Blitz April 25 Late 2023"]
[White "Lenaerts, Lennert"]
[Black "Anton Guijarro, David"]
[WhiteFideId "211435"]
[BlackFideId "2285525"]
[WhiteElo "2334"]
[BlackElo "2618"]
[Result "0-1"]
[Round "11"]
[TimeControl "180+2"]
[Date "2023.04.25"]
[WhiteClock "0:00:03"]
[BlackClock "0:00:19"]

1. d4 f5 2. g3 Nf6 3. Bg2 d5 4. Nh3 e6 5. O-O Bd6 6. Nd2 O-O 7. Nf3 c5 8. Bf4 Be7 9. c4 Nc6 10. Rc1 h6 11. Ne5 Nxd4 12. Ng6 Re8 13. Nxe7+ Qxe7 14. cxd5 Nxd5 15. Bxd5 exd5 16. Be3 Nxe2+ 17. Qxe2 d4 18. Qc4+ Be6 19. Qxc5 dxe3 20. Qxe3 Bxa2 21. Qxe7 Rxe7 22. Nf4 Bf7 23. Rfe1 Rxe1+ 24. Rxe1 Re8 25. Rc1 g5 26. Nd3 Re7 27. f3 Kg7 28. Kf2 Kf6 29. Rc5 Rd7 30. Ke3 Be6 31. h4 Rd5 32. hxg5+ hxg5 33. Rc7 Rb5 34. Nc5 b6 35. Nxe6 Kxe6 36. Rxa7 Rb3+ 37. Ke2 Rxb2+ 38. Ke3 Rb3+ 39. Ke2 b5 40. Rb7 f4 41. gxf4 gxf4 42. Rb8 b4 43. Rb6+ Ke5 44. Rb8 Re3+ 45. Kf2 b3 46. Rb4 Rc3 47. Ke2 Kf5 48. Kf2 Rc2+ 49. Ke1 b2 0-1


[Site "https://www.chess.com"]